MWL (24 & UNDER)
MINNESOTA DEATH STARS @ LITTLE ROCK LEMMIWINKS
09/13/2030
 
TOP OF THE 1ST
Minnesota Death Stars batting - Pitching for Little Rock Lemmiwinks : RHP Greg Yager
Pitching: RHP Greg Yager
Batting: RHB Lou Hammond 0-0: Called Strike
0-1: Ball
1-1: Ball
2-1: Foul Ball, location: 2F
2-2: Foul Ball, location: 2F
2-2: Foul Ball, location: 2F
2-2: Hit by Pitch
Batting: LHB Ryan Miller 0-0: Called Strike
0-1: Ball
1-1: Ball
2-1: Swinging Strike
2-2: Foul Ball, location: 2F
2-2: Foul Ball, location: 2F
2-2: Foul Ball, location: 2F
2-2: Strikes out looking
Batting: LHB Gonzalo Gálvez 0-0: Ball
1-0: Foul Ball, location: 2F
1-1: Ball
2-1: Swinging Strike
2-2: Foul Ball, location: 2F
2-2: Hit by Pitch
Lou Hammond to second
Batting: RHB Manuel Cintrón 0-0: Called Strike
0-1: Grounds into double play, 4-6-3 (Groundball, 4)
Top of the 1st over - 0 runs, 0 hits, 0 errors, 1 left on base; Minnesota 0 - Little Rock 0
BOTTOM OF THE 1ST
Little Rock Lemmiwinks batting - Pitching for Minnesota Death Stars : RHP Cipriano Vega
Pitching: RHP Cipriano Vega
Batting: RHB Álex Martínez 0-0: Ball
1-0: Called Strike
1-1: Ball
2-1: Called Strike
2-2: Ball
3-2: Base on Balls
Batting: LHB Manny Robles 0-0: Ball
1-0: Called Strike
1-1: Foul Ball, location: 2F
1-2: Foul Ball, location: 2F
1-2: Strikes out swinging
Batting: RHB Kokaji Ridha 0-0: Ball
1-0: Swinging Strike
1-1: Ball
2-1: Ball
3-1: Base on Balls
Álex Martínez to second
Batting: RHB Roberto Valdéz 0-0: Called Strike
0-1: Ball
1-1: Ball
2-1: Fly out, F7 (Flyball, 7LM)
Batting: LHB Greg MacCanish 0-0: Ball
1-0: Foul Ball, location: 2F
1-1: Ball
2-1: Ball
3-1: Base on Balls
Álex Martínez to third
Kokaji Ridha to second
Batting: RHB Ánibal Soto 0-0: DOUBLE (Groundball, 3L)
Álex Martínez scores
Kokaji Ridha scores
Greg MacCanish to third
Batting: LHB Horace Kramer 0-0: Called Strike
0-1: Ball
1-1: Ball
2-1: Foul Ball, location: 2F
2-2: Ball
3-2: Foul Ball, location: 2F
3-2: Foul Ball, location: 2F
3-2: Strikes out looking
Bottom of the 1st over - 2 runs, 1 hit, 0 errors, 2 left on base; Minnesota 0 - Little Rock 2
TOP OF THE 2ND
Minnesota Death Stars batting - Pitching for Little Rock Lemmiwinks : RHP Greg Yager
Batting: LHB Larry Wright 0-0: Ball
1-0: Foul Ball, location: 2F
1-1: Foul Ball, location: 2F
1-2: Fly out, F9 (Flyball, 9LD)
Batting: LHB Doyle Price 0-0: Called Strike
0-1: Swinging Strike
0-2: Ball
1-2: Foul Ball, location: 2F
1-2: Strikes out swinging
Batting: RHB Justin López 0-0: Foul Ball, location: 2F
0-1: Called Strike
0-2: Fly out, F3 (Popup, 3SF)
Top of the 2nd over - 0 runs, 0 hits, 0 errors, 0 left on base; Minnesota 0 - Little Rock 2
BOTTOM OF THE 2ND
Little Rock Lemmiwinks batting - Pitching for Minnesota Death Stars : RHP Cipriano Vega
Batting: RHB José Rodríguez 0-0: Ball
1-0: Ball
2-0: Called Strike
2-1: SINGLE (Groundball, 4D)
Batting: RHB Norberto Gallardo 0-0: Ground out 5-3 (Groundball, 56S)
José Rodríguez to second
Batting: RHB Álex Martínez 0-0: Swinging Strike
0-1: Foul Ball, location: 2F
0-2: Ball
1-2: Ball
2-2: Strikes out looking
Batting: LHB Manny Robles 0-0: Ball
1-0: Fly out, F8 (Flyball, 89XD)
Bottom of the 2nd over - 0 runs, 1 hit, 0 errors, 1 left on base; Minnesota 0 - Little Rock 2
TOP OF THE 3RD
Minnesota Death Stars batting - Pitching for Little Rock Lemmiwinks : RHP Greg Yager
Batting: RHB Danny Scott 0-0: Ground out 5-3 (Groundball, 56)
Batting: RHB Alfonso Reyes 0-0: Ball
1-0: Ball
2-0: Ball
3-0: Called Strike
3-1: Base on Balls
Batting: RHB Lou Hammond 0-0: Foul Ball, location: 2F
0-1: Called Strike
0-2: Strikes out swinging
Batting: LHB Ryan Miller 0-0: Ball
1-0: Foul Ball, location: 2F
1-1: Foul Ball, location: 2F
1-2: Ball
2-2: Ball
3-2: Strikes out swinging
Top of the 3rd over - 0 runs, 0 hits, 0 errors, 1 left on base; Minnesota 0 - Little Rock 2
BOTTOM OF THE 3RD
Little Rock Lemmiwinks batting - Pitching for Minnesota Death Stars : RHP Cipriano Vega
Batting: RHB Kokaji Ridha 0-0: Swinging Strike
0-1: Called Strike
0-2: Ball
1-2: Ball
2-2: Strikes out looking
Batting: RHB Roberto Valdéz 0-0: Ball
1-0: Called Strike
1-1: Swinging Strike
1-2: Foul Ball, location: 2F
1-2: Ball
2-2: SINGLE (Flyball, 7S)
Batting: LHB Greg MacCanish 0-0: Ball
1-0: SINGLE (Line Drive, 6MD)
Roberto Valdéz to second
Batting: RHB Ánibal Soto 0-0: Ball
1-0: SINGLE (Line Drive, 4MD)
Roberto Valdéz to third
Greg MacCanish to second
Batting: LHB Horace Kramer 0-0: Ball
1-0: Ball
2-0: Foul Ball, location: 2F
2-1: DOUBLE (Line Drive, 9D)
Roberto Valdéz scores
Greg MacCanish scores
Ánibal Soto to third
Batting: RHB José Rodríguez 0-0: Ball
1-0: Ground out 5-3 (Groundball, 56S)
Ánibal Soto scores
Horace Kramer to third
Batting: RHB Norberto Gallardo 0-0: Ball
1-0: Foul Ball, location: 2F
1-1: Foul Ball, location: 2F
1-2: Foul Ball, location: 2F
1-2: Strikes out swinging
Bottom of the 3rd over - 3 runs, 4 hits, 0 errors, 1 left on base; Minnesota 0 - Little Rock 5
TOP OF THE 4TH
Minnesota Death Stars batting - Pitching for Little Rock Lemmiwinks : RHP Greg Yager
Batting: LHB Gonzalo Gálvez 0-0: Swinging Strike
0-1: Ball
1-1: Ball
2-1: Foul Ball, location: 2F
2-2: Ball
3-2: Base on Balls
Batting: RHB Manuel Cintrón 0-0: Ball
1-0: Called Strike
1-1: Ball
2-1: Foul Ball, location: 2F
2-2: Ball
3-2: Base on Balls
Gonzalo Gálvez to second
Batting: LHB Larry Wright 0-0: Foul Ball, location: 2F
0-1: Called Strike
0-2: Ball
1-2: Ball
2-2: DOUBLE (Flyball, 8RXD)
Gonzalo Gálvez scores
Manuel Cintrón to third
Runner from 3rd tries for Home, SAFE, no throw
Batting: LHB Doyle Price 0-0: Ball
1-0: Called Strike
Larry Wright steals 3rd base
1-1: Foul Ball, location: 2F
1-2: Ball
2-2: Foul Ball, location: 2F
2-2: Ground out 4-3 (Groundball, 4)
Larry Wright scores
Pitching: RHP Lorenzo Fernández
Batting: RHB Justin López 0-0: Swinging Strike
0-1: Swinging Strike
0-2: Ball
1-2: Ball
2-2: Foul Ball, location: 2F
2-2: Strikes out swinging
Batting: RHB Danny Scott 0-0: Called Strike
0-1: Ball
1-1: Ground out 6-3 (Groundball, 6S)
Top of the 4th over - 3 runs, 1 hit, 0 errors, 0 left on base; Minnesota 3 - Little Rock 5
BOTTOM OF THE 4TH
Little Rock Lemmiwinks batting - Pitching for Minnesota Death Stars : RHP Cipriano Vega
Batting: RHB Álex Martínez 0-0: Ground out 4-3 (Groundball, 4)
Batting: LHB Manny Robles 0-0: Foul Ball, location: 2F
0-1: Swinging Strike
0-2: Ball
1-2: Ball
2-2: DOUBLE (Groundball, 3L)
Batting: RHB Kokaji Ridha 0-0: Ball
1-0: Foul Ball, location: 2F
1-1: Ground out U3 (Groundball, 3)
Manny Robles to third
Batting: RHB Roberto Valdéz 0-0: Swinging Strike
0-1: Called Strike
0-2: Ground out 6-3 (Groundball, 6)
Bottom of the 4th over - 0 runs, 1 hit, 0 errors, 1 left on base; Minnesota 3 - Little Rock 5
TOP OF THE 5TH
Minnesota Death Stars batting - Pitching for Little Rock Lemmiwinks : RHP Lorenzo Fernández
Batting: RHB Alfonso Reyes 0-0: Ball
1-0: Ground out 6-3 (Groundball, 6)
Batting: RHB Lou Hammond 0-0: Ball
1-0: Ground out 6-3 (Groundball, 6S)
Batting: LHB Ryan Miller 0-0: Called Strike
0-1: Ball
1-1: Ball
2-1: SOLO HOME RUN (Flyball, 7LD), Distance : 346 ft
Batting: LHB Gonzalo Gálvez 0-0: Ground out 4-3 (Groundball, 4)
Top of the 5th over - 1 run, 1 hit, 0 errors, 0 left on base; Minnesota 4 - Little Rock 5
BOTTOM OF THE 5TH
Little Rock Lemmiwinks batting - Pitching for Minnesota Death Stars : RHP Cipriano Vega
Batting: LHB Greg MacCanish 0-0: Ball
1-0: Ground out 1-3 (Groundball, 15S)
Batting: RHB Ánibal Soto 0-0: Ground out 1-3 (Groundball, 13)
Batting: LHB Horace Kramer 0-0: Called Strike
0-1: Ball
1-1: Called Strike
1-2: Ball
2-2: SINGLE (Line Drive, 6D)
Batting: RHB José Rodríguez 0-0: Ball
Horace Kramer steals 2nd base
1-0: Ball
2-0: Ball
3-0: Base on Balls
Pitching: LHP Wessel Timmermans
Batting: RHB Norberto Gallardo 0-0: Called Strike
0-1: Fly out, F8 (Flyball, 78D)
Bottom of the 5th over - 0 runs, 1 hit, 0 errors, 2 left on base; Minnesota 4 - Little Rock 5
TOP OF THE 6TH
Minnesota Death Stars batting - Pitching for Little Rock Lemmiwinks : RHP Lorenzo Fernández
Batting: RHB Manuel Cintrón 0-0: Ball
1-0: Ball
2-0: Swinging Strike
2-1: Ball
3-1: Base on Balls
Batting: LHB Larry Wright 0-0: Called Strike
0-1: Called Strike
0-2: Strikes out swinging
Batting: LHB Doyle Price 0-0: Ball
1-0: Ball
2-0: Called Strike
2-1: Ball
3-1: Swinging Strike
3-2: Strikes out swinging
Batting: RHB Justin López 0-0: Called Strike
0-1: Ball
Throwing error on steal attempt, E2
Manuel Cintrón to third
1-1: Ball
2-1: SINGLE (Line Drive, 7LS)
Manuel Cintrón scores
Batting: RHB Danny Scott 0-0: Swinging Strike
0-1: Ball
1-1: SINGLE (Line Drive, 6M)
Justin López to second
Pitching: LHP Rubén López
Batting: RHB Alfonso Reyes 0-0: Ball
1-0: Ball
2-0: Foul Ball, location: 2F
2-1: SINGLE (Line Drive, 8LS)
Justin López to third
Danny Scott to second
Runner from 3rd tries for Home, SAFE, no throw
Batting: RHB Lou Hammond 0-0: Ball
1-0: Foul Ball, location: 2F
1-1: Foul Ball, location: 2F
1-2: Ball
2-2: Ball
3-2: Fly out, F2 (Popup, 23F)
Top of the 6th over - 2 runs, 3 hits, 1 error, 2 left on base; Minnesota 6 - Little Rock 5
BOTTOM OF THE 6TH
Little Rock Lemmiwinks batting - Pitching for Minnesota Death Stars : LHP Wessel Timmermans
Batting: RHB Álex Martínez 0-0: Ball
1-0: Ball
2-0: Ball
3-0: Called Strike
3-1: Base on Balls
Batting: LHB Manny Robles 0-0: Ball
1-0: Ball
2-0: Fly out, F9 (Flyball, 9LS)
Batting: RHB Kokaji Ridha 0-0: Fielders Choice at 2nd, 4-6 (Groundball, 4)
Batting: RHB Roberto Valdéz 0-0: Ball
1-0: SINGLE (Line Drive, 4D)
Kokaji Ridha to second
Batting: LHB Greg MacCanish 0-0: Called Strike
0-1: Ground out 1-3 (Groundball, 13)
Bottom of the 6th over - 0 runs, 1 hit, 0 errors, 2 left on base; Minnesota 6 - Little Rock 5
TOP OF THE 7TH
Minnesota Death Stars batting - Pitching for Little Rock Lemmiwinks : LHP Rubén López
Batting: LHB Ryan Miller 0-0: Ball
1-0: SINGLE (Groundball, 4D)
Batting: LHB Gonzalo Gálvez 0-0: Called Strike
0-1: Ball
1-1: Called Strike
1-2: Ball
2-2: Fly out, F7 (Line Drive, 7S)
Batting: RHB Manuel Cintrón 0-0: Ball
1-0: Ball
2-0: Called Strike
2-1: Foul Ball, location: 2F
2-2: Ground out 5-3 (Groundball, 56S)
Ryan Miller to second
Pinch Hitting: RHB Sidney Smith 0-0: Ball
1-0: Ball
2-0: Ball
3-0: Base on Balls
Pinch Hitting: LHB Chris Henry 0-0: Foul Ball, location: 2F
0-1: Ground out 4-3 (Groundball, 4M)
Top of the 7th over - 0 runs, 1 hit, 0 errors, 2 left on base; Minnesota 6 - Little Rock 5
BOTTOM OF THE 7TH
Little Rock Lemmiwinks batting - Pitching for Minnesota Death Stars : LHP Wessel Timmermans
Now in CF: Jamie Walker
Now in RF: Chris Henry
Batting: RHB Ánibal Soto 0-0: Ball
1-0: Ball
2-0: Called Strike
2-1: SINGLE (Popup, 3)
Batting: LHB Horace Kramer 0-0: Bunted foul
0-1: Sac Bunt - play at first, batter OUT! 5-4
Ánibal Soto to second
Batting: RHB José Rodríguez 0-0: Ball
1-0: Called Strike
1-1: Swinging Strike
1-2: Ball
Wild Pitch!
Ánibal Soto to third
2-2: Foul Ball, location: 2F
2-2: Strikes out looking
Pinch Hitting: RHB Germán Vargas 0-0: Foul Ball, location: 2F
0-1: Ground out U3 (Groundball, 34)
Bottom of the 7th over - 0 runs, 1 hit, 0 errors, 1 left on base; Minnesota 6 - Little Rock 5
TOP OF THE 8TH
Minnesota Death Stars batting - Pitching for Little Rock Lemmiwinks : LHP Rubén López
Now in LF: Germán Vargas
Batting: RHB Justin López 0-0: Fly out, F3 (Popup, 34S)
Batting: RHB Danny Scott 0-0: Foul Ball, location: 2F
0-1: Ball
1-1: Ball
2-1: Swinging Strike
2-2: Fly out, F8 (Flyball, 8LD)
Batting: RHB Alfonso Reyes 0-0: Foul Ball, location: 2F
0-1: Ball
1-1: Foul Ball, location: 2F
1-2: DOUBLE (Flyball, 8RD)
Batting: RHB Lou Hammond 0-0: Ball
1-0: Foul Ball, location: 2F
1-1: Called Strike
1-2: Foul Ball, location: 2F
1-2: Strikes out looking
Top of the 8th over - 0 runs, 1 hit, 0 errors, 1 left on base; Minnesota 6 - Little Rock 5
BOTTOM OF THE 8TH
Little Rock Lemmiwinks batting - Pitching for Minnesota Death Stars : LHP Wessel Timmermans
Batting: RHB Álex Martínez 0-0: Ball
1-0: Ball
2-0: Ball
3-0: Base on Balls
Pitching: RHP Lorenzo Hernández
Batting: LHB Manny Robles 0-0: Bunt - Flyout! F1
Batting: RHB Kokaji Ridha 0-0: Ball
1-0: Called Strike
1-1: Ball
2-1: Foul Ball, location: 2F
2-2: Ball
3-2: Base on Balls
Álex Martínez to second
Batting: RHB Roberto Valdéz 0-0: Called Strike
0-1: Ball
1-1: SINGLE (Flyball, 78S)
Álex Martínez to third
Kokaji Ridha to second
Runner from 3rd tries for Home, SAFE, throw made home
Batting: LHB Greg MacCanish 0-0: Called Strike
0-1: Ball
1-1: Foul Ball, location: 2F
1-2: Ball
2-2: 3-RUN HOME RUN (Flyball, 9D), Distance : 377 ft
Pitching: RHP John Stephenson
Batting: RHB Ánibal Soto 0-0: Fly out, F8 (Flyball, 78D)
Batting: LHB Horace Kramer 0-0: Swinging Strike
0-1: Ball
1-1: Ball
2-1: Fly out, F7 (Line Drive, 78M)
Bottom of the 8th over - 4 runs, 2 hits, 0 errors, 0 left on base; Minnesota 6 - Little Rock 9
TOP OF THE 9TH
Minnesota Death Stars batting - Pitching for Little Rock Lemmiwinks : LHP Rubén López
Now at C: Júlio Colón
Batting: LHB Ryan Miller 0-0: Ball
1-0: Foul Ball, location: 2F
1-1: SINGLE (Line Drive, 78S)
Batting: LHB Gonzalo Gálvez 0-0: Ball
1-0: Fly out, F8 (Line Drive, 8RM)
Batting: RHB Manuel Cintrón 0-0: Ball
1-0: Swinging Strike
1-1: Foul Ball, location: 2F
1-2: SINGLE (Groundball, 56) (infield hit)
Ryan Miller to second
Pitching: LHP Tom Martin
Pinch Hitting: RHB Ryan Williams 0-0: Ball
1-0: Ball
2-0: Ball
3-0: Called Strike
3-1: Called Strike
3-2: Strikes out looking
Batting: LHB Chris Henry 0-0: Called Strike
0-1: Ball
1-1: Ball
2-1: Ground out 1-3 (Groundball, P)
Top of the 9th over - 0 runs, 2 hits, 0 errors, 2 left on base; Minnesota 6 - Little Rock 9
Saturday, April 7th, 2018 - OOTP Baseball 18.8 Build 76